 Dungeon Crawl Stone Soup version bcrawl-1.37.2 (webtiles) character file.

Game seed: 1913140975148613134

248120 corax the Sneak (level 7, -8/56 HPs)
             Began as a Gnoll Spelunker on Feb 3, 2023.
             Mangled by a troll (9 damage)
             ... on level 5 of the Dungeon.
             The game lasted 00:09:31 (3477 turns).

corax the Sneak (Gnoll Spelunker)                   Turns: 3477, Time: 00:09:31

Health: -8/56      AC: 10    Str: 16    XL:     7   Next: 82%
Magic:  15/15      EV: 12    Int: 15    God:
Gold:   375        SH:  0    Dex: 14    Spells: 14/17 levels left

rFire    . . .     GDR:     28% r - +1 short sword (venom)
rCold    . . .     SeeInvis .   (no shield)
rNeg     . . .     Gourm    .   b - +0 leather armour
rPois    .         Faith    .   (no helmet)
rElec    +         Spirit   .   s - +0 cloak
rCorr    .         Reflect  .   (no gloves)
MR       .....                  c - +0 pair of boots
Stlth    +++.......             (no amulet)
HPRegen  0.19/turn              h - +5 ring of protection
MPRegen  0.14/turn              l - ring of insulation

@: lethally poisoned (-8 -> -9)
A: distributed training, fangs 1, strong nose
a: no special abilities


You were on level 5 of the Dungeon.
You were not hungry.

You visited 1 branch of the dungeon, and saw 5 of its levels.

You collected 375 gold pieces.

Inventory:

Hand Weapons
 r - a +1 short sword of venom (weapon)
Armour
 b - a +0 leather armour (worn)
 c - a +0 pair of boots (worn)
 s - a +0 cloak (worn)
Jewellery
 h - a +5 ring of protection (left hand)
 l - a ring of insulation (right hand)
 y - an uncursed ring of flight {unknown}
Wands
 d - a wand of digging (10)
 o - a wand of scattershot (7)
Scrolls
 j - 4 scrolls of remove curse {unknown}
 k - 2 scrolls of magic mapping {unknown}
 n - 2 scrolls of enchant armour {unknown}
 p - 4 scrolls of teleportation {unknown}
 t - a scroll of immolation {unknown}
 u - a scroll of fog {unknown}
 v - a scroll of fear {unknown}
Potions
 a - 2 potions of flight {unknown}
 m - a potion of cancellation {unknown}
 q - 2 potions of haste {unknown}
 w - 3 potions of heal wounds {unknown}
 x - 3 potions of might {unknown}
 z - a potion of magic
 A - a potion of curing
Miscellaneous
 g - a lamp of fire
Comestibles
 e - 5 rations {!d}
 f - 2 chunks of flesh


   Skills:
 + Level 5.3 Fighting
 + Level 5.3 Short Blades
 + Level 2.6 Long Blades
 + Level 2.6 Axes
 + Level 2.6 Maces & Flails
 + Level 2.6 Polearms
 + Level 2.6 Staves
 + Level 2.6 Slings
 + Level 2.6 Bows
 + Level 2.6 Crossbows
 + Level 2.6 Throwing
 + Level 2.6 Armour
 + Level 2.6 Dodging
 + Level 7.1 Stealth
 + Level 2.6 Shields
 + Level 2.6 Unarmed Combat
 + Level 5.7 Spellcasting
 + Level 2.1 Conjurations
 + Level 4.4 Hexes
 + Level 2.1 Charms
 + Level 2.1 Summonings
 + Level 2.1 Necromancy
 + Level 2.1 Translocations
 + Level 4.4 Transmutations
 + Level 2.1 Fire Magic
 + Level 2.1 Ice Magic
 + Level 2.1 Air Magic
 + Level 4.4 Earth Magic
 + Level 2.1 Poison Magic
 + Level 3.0 Invocations
 + Level 5.3 Evocations


You had 14 spell levels left.
You knew the following spells:

 Your Spells              Type           Power        Failure   Level  Hunger
a - Corona                Hex            ###....      3%          1    None
b - Passwall              Tmut/Erth      ###.....     4%          2    None
Your spell library was empty.

Dungeon Overview and Level Annotations

Branches:
Dungeon (5/12)
 Temple: D:4-7

Altars:
Fedhas
The Shining One


Innate Abilities, Weirdness & Mutations

Your experience applies equally to all skills.
You have very sharp teeth.
Your uncanny sense of smell can sniff out nearby items.


Message History

The troll claws you.
You barely miss the troll.
The troll is moderately wounded.
The troll bites you!
* * * LOW HITPOINT WARNING * * *
The troll claws you!
* * * LOW HITPOINT WARNING * * *
The troll misses you.
You puncture the troll!
The troll looks more poisoned.
You bite the troll, but do no damage.
The troll is severely wounded.
The troll barely misses you. The troll claws you.
* * * LOW HITPOINT WARNING * * *
The troll claws you.
* * * LOW HITPOINT WARNING * * *
You barely miss the troll. You bite the troll.
The troll is severely wounded.
* * * LOW HITPOINT WARNING * * *
You feel sick. The troll barely misses you. The troll claws you!
You die...

∆ ##### #########
#...# #...#....
#...#....#...#....
#...#....#..##....
#.T.#....#..##..##
###@..#....#..##'###
#....>#....#......#.
+.....#>...#......#.
#.....#....#.†##..#.
#.....'....#..##..##
#.....#....#...#..#.
#.....#....'..###'#.
∆#.....#....####.....
#.....#.............


You could see a troll.

Vanquished Creatures
  2 ogres
  A phantom (D:4)
  A bullfrog (D:3)
  A scorpion (D:5)
  A centaur (D:3)
  A crimson imp (D:4)
  3 orc wizards (D:5)
  A bullfrog skeleton (D:4)
  Jessica (D:3)
  A hound skeleton (D:4)
  4 adders
  2 shadow imps (D:3)
  4 oozes
  A dart slug (D:3)
  A leopard gecko (D:2)
  5 orcs
  6 giant cockroaches
  5 goblins
  5 hobgoblins
  13 jackals
  A quokka (D:3)
  6 bats
  3 frilled lizards
  9 kobolds
  6 rats
84 creatures vanquished.

Notes
Turn   | Place    | Note
-------+----------+-------------------------------------------
     0 | D:1      | corax the Gnoll Spelunker began the quest for the Orb.
     0 | D:1      | Reached XP level 1. HP: 20/20 MP: 6/6
   178 | D:1      | Reached XP level 2. HP: 26/26 MP: 7/7
   470 | D:1      | Reached XP level 3. HP: 31/31 MP: 9/9
   482 | D:1      | Reached skill level 5 in Spellcasting
   667 | D:2      | Found a blossoming altar of Fedhas.
   726 | D:2      | Found a glowing golden altar of the Shining One.
  1005 | D:2      | Reached skill level 1 in Invocations
  1297 | D:3      | Reached skill level 1 in Long Blades
  1297 | D:3      | Reached skill level 1 in Axes
  1297 | D:3      | Reached skill level 1 in Maces & Flails
  1297 | D:3      | Reached skill level 1 in Polearms
  1297 | D:3      | Reached skill level 1 in Staves
  1297 | D:3      | Reached skill level 1 in Slings
  1297 | D:3      | Reached skill level 1 in Bows
  1297 | D:3      | Reached skill level 1 in Crossbows
  1297 | D:3      | Reached skill level 1 in Throwing
  1297 | D:3      | Reached skill level 1 in Armour
  1297 | D:3      | Reached skill level 1 in Dodging
  1297 | D:3      | Reached skill level 1 in Shields
  1297 | D:3      | Reached skill level 1 in Unarmed Combat
  1342 | D:3      | Noticed Jessica
  1348 | D:3      | Killed Jessica
  1349 | D:3      | Reached XP level 4. HP: 22/38 MP: 11/11
  1441 | D:3      | Noticed a centaur
  1458 | D:3      | Killed a centaur
  1459 | D:3      | Reached skill level 1 in Conjurations
  1459 | D:3      | Reached skill level 1 in Charms
  1459 | D:3      | Reached skill level 1 in Summonings
  1459 | D:3      | Reached skill level 1 in Necromancy
  1459 | D:3      | Reached skill level 1 in Translocations
  1459 | D:3      | Reached skill level 1 in Fire Magic
  1459 | D:3      | Reached skill level 1 in Ice Magic
  1459 | D:3      | Reached skill level 1 in Air Magic
  1459 | D:3      | Reached skill level 1 in Poison Magic
  1459 | D:3      | Reached XP level 5. HP: 21/43 MP: 12/12
  1749 | D:3      | Noticed an ogre
  1753 | D:3      | Killed an ogre
  1754 | D:3      | Reached XP level 6. HP: 50/50 MP: 13/13
  1978 | D:3      | Reached skill level 5 in Fighting
  1978 | D:3      | Reached skill level 5 in Short Blades
  1978 | D:3      | Reached skill level 5 in Evocations
  2428 | D:4      | Noticed a phantom
  2474 | D:4      | Killed a phantom
  2475 | D:4      | Reached XP level 7. HP: 47/56 MP: 15/15
  2588 | D:4      | Reached skill level 7 in Stealth
  3330 | D:5      | Entered Level 5 of the Dungeon
  3448 | D:5      | Noticed a troll
  3476 | D:5      | HP: 2/56 [troll (3)]
  3477 | D:5      | Mangled by a troll

Skill      XL: |  1  2  3  4  5  6  7 |
---------------+----------------------+-----
Spellcasting   | 5 |  5.7
Invocations    | 1 2 3 |  3.0
Long Blades    | 1 2 |  2.6
Axes           | 1 2 |  2.6
Maces & Flails | 1 2 |  2.6
Polearms       | 1 2 |  2.6
Staves         | 1 2 |  2.6
Slings         | 1 2 |  2.6
Bows           | 1 2 |  2.6
Crossbows      | 1 2 |  2.6
Throwing       | 1 2 |  2.6
Armour         | 1 2 |  2.6
Dodging        | 1 2 |  2.6
Shields        | 1 2 |  2.6
Unarmed Combat | 1 2 |  2.6
Conjurations   | 1 2 |  2.1
Charms         | 1 2 |  2.1
Summonings     | 1 2 |  2.1
Necromancy     | 1 2 |  2.1
Translocations | 1 2 |  2.1
Fire Magic     | 1 2 |  2.1
Ice Magic      | 1 2 |  2.1
Air Magic      | 1 2 |  2.1
Poison Magic   | 1 2 |  2.1
Hexes          | 4 |  4.4
Transmutations | 4 |  4.4
Earth Magic    | 4 |  4.4
Fighting       | 5 |  5.3
Short Blades   | 5 |  5.3
Evocations     | 5 |  5.3
Stealth        | 7 |  7.1

Action                   |  1- 3 |  4- 6 |  7- 9 || total
-------------------------+-------+-------+-------++-------
Melee: Dagger            |    70 |       |       ||    70
       Bite              |     7 |    11 |     7 ||    25
       Short sword       |    26 |   119 |    76 ||   221
       Punch             |       |       |     2 ||     2
  Use: Scroll            |       |       |     4 ||     4
 Stab: Sleeping          |    19 |     2 |     1 ||    22
       Distracted        |       |     1 |       ||     1
  Eat: Chunk             |     3 |     4 |     3 ||    10
       Ration            |       |       |     1 ||     1
Armor: Leather armour    |    35 |    46 |    33 ||   114
Dodge: Dodged            |    38 |    81 |    33 ||   152
